 Dungeon Crawl Stone Soup version 0.28.0-47-ge53b351184 (webtiles) character file.

Game seed: 1810394774767933766

16 Allula97 the Skirmisher (level 2, 0/24 HPs)
             Began as a Demonspawn Abyssal Knight on Apr 29, 2022.
             Was a Follower of Lugonu.
             Slain by a gnoll
             ... wielding a +0 club
              (4 damage)
             ... on level 1 of the Dungeon.
             The game lasted 00:02:02 (879 turns).

Allula97 the Skirmisher (Demonspawn Abyssal Knight)  Turns: 879, Time: 00:02:03

Health: 0/24       AC:  8    Str: 13    XL:     2   Next: 37%
Magic:  3/3        EV: 10    Int: 11    God:    Lugonu [*.....]
Gold:   0          SH:  0    Dex: 13    Spells: 1/1 levels left

rFire   . . .      SeeInvis .   f - +3 short sword
rCold   . . .      Faith    .   (no shield)
rNeg    . . .      Spirit   .   e - +0 ring mail
rPois   .          Reflect  .   b - +0 helmet
rElec   .          Harm     .   (no cloak)
rCorr   .          Rampage  .   (no gloves)
Will    .....                   (no boots)
Stlth   +.........              (no amulet)
HPRegen 0.08/turn               (no ring)
MPRegen 0.08/turn               (no ring)

@: no status effects
A: yellow scales 1
a: Renounce Religion, Depart the Abyss


You were on level 1 of the Dungeon.
You worshipped Lugonu.
Lugonu was aware of your devotion.
You visited 1 branch of the dungeon, and saw 1 of its levels.
You visited the Abyss 1 time.

Inventory:

Hand Weapons
 f - a +3 short sword (weapon)
Armour
 b - a +0 helmet (worn)
 e - a +0 ring mail (worn)
Scrolls
 c - a scroll of identify {unknown}
 d - a scroll of summoning {unknown}


   Skills:
 * Level 3.4 Fighting
 * Level 1.9 Short Blades
 * Level 1.9 Armour
 * Level 1.0 Dodging
 * Level 0.2 Stealth
 + Level 2.4 Invocations


You had one spell level left.
You didn't know any spells.
Your spell library was empty.

Dungeon Overview and Level Annotations

Branches:
Dungeon (1/15)

Altars:


Innate Abilities, Weirdness & Mutations

You are partially covered in yellow scales. (AC +2)


Message History

You completely miss the ball python. The ball python closely misses you.
The ball python barely misses you. x2; The ball python completely misses you.
You hit the ball python.
You kill the ball python!
Lugonu accepts your kill.
You see here a ball python corpse.
You see here a +3 short sword.
f - a +3 short sword (weapon)
You drop a +1 short sword.
Found a hand axe.
You see here a +0 hand axe.
Found a leather armour.
A gnoll comes into view. It is wielding a +0 club.
The gnoll shouts!
Found 6 gold pieces.
The gnoll hits you with a +0 club.
You closely miss the gnoll. The gnoll hits you with a +0 club.
You hit the gnoll.
The gnoll is moderately wounded.
The gnoll closely misses you.
You barely miss the gnoll.
The gnoll is lightly wounded.
The gnoll hits you but does no damage.
You barely miss the gnoll.
The gnoll is lightly wounded.
The gnoll hits you with a +0 club!
You completely miss the gnoll.
The gnoll is lightly wounded.
The gnoll barely misses you.
You barely miss the gnoll.
The gnoll is lightly wounded.
The gnoll hits you with a +0 club!
* * * LOW HITPOINT WARNING * * *
You hit the gnoll.
The gnoll is moderately wounded.
The gnoll hits you but does no damage.
You hit the gnoll.
The gnoll is heavily wounded.
The gnoll hits you with a +0 club.
You die...

...................##.#
.......#.###.##....##.#
.##.#.. #.##...###.#
....##. #[##...#
....... #......# #
....... ####...###$##
###.... ###............
..#. ................
.# .###.###@###.### #
#. #g# .# # #.# # ...
..# ####


You could see a gnoll.

Vanquished Creatures
  An endoplasm (D:1)
  2 giant cockroaches (D:1)
  2 goblins (D:1)
  2 quokkas (D:1)
  2 ball pythons (D:1)
  A bat (D:1)
  A frilled lizard (D:1)
  2 kobolds (D:1)
  2 rats (D:1)
15 creatures vanquished.

Notes
Turn   | Place    | Note
-------+----------+-------------------------------------------
     0 | Abyss:1  | Allula97 the Demonspawn Abyssal Knight began the quest for
                  | the Orb.
     0 | Abyss:1  | Reached XP level 1. HP: 18/18 MP: 2/2
   106 | Abyss:4  | Noticed a tentacled starspawn
   112 | Abyss:4  | Noticed a starcursed mass
   113 | D:1      | Escaped the Abyss
   205 | D:1      | Reached * piety under Lugonu
   362 | D:1      | Gained mutation: You are partially covered in yellow
                  | scales. (AC +2) [demonic ancestry]
   362 | D:1      | Reached XP level 2. HP: 22/24 MP: 3/3
   421 | D:1      | Reached skill level 1 in Dodging
   879 | D:1      | Slain by a gnoll

Illustrated notes

Levels and vault maps discovered:
D:1:      sevenhm_arrival_forest_fort_small_3, layout_basic,
          minmay_misc_feat_diagonals, grunt_decor_resistance

Skill      XL: |  1  2 |
---------------+-------+-----
Dodging        | 1 |  1.0
Fighting       | |  3.4
Short Blades   | |  1.9
Armour         | |  1.9
Stealth        | |  0.2
Invocations    | |  2.4

Action                   || total
-------------------------++-------
Melee: Short sword       ||    56
Invok: Depart the Abyss  ||     1
Armor: Ring mail         ||    18
       Leather armour    ||     4
Dodge: Dodged            ||    29
